 Dungeon Crawl Stone Soup version 0.30-a0-748-ge6a52f7cba (webtiles) character file.

Game seed: 13865151505211445318

21402 cforsyth the Convoker (level 12, -2/59 HPs)
             Began as a Tengu Summoner on Feb 9, 2023.
             Was an Initiate of Gozag.
             Killed by an exploding themself (34 damage)
             ... ignited by their inner flame
             ... on level 12 of the Dungeon.
             The game lasted 00:36:34 (14645 turns).

cforsyth the Convoker (Tengu Summoner)             Turns: 14645, Time: 00:36:35

Health: -2/59      AC: 10    Str:  9    XL:     12   Next: 89%
Magic:  14/30      EV: 15    Int: 19    God:    Gozag
Gold:   1781       SH:  0    Dex: 19    Spells: 25/38 levels left

rFire   . . .      SeeInvis .    (no weapon)
rCold   . . .      Faith    .    (no shield)
rNeg    . . .      Spirit   .    a - +0 robe
rPois   +          Reflect  .    C - +0 hat {Will+}
rElec   .          Harm     .    I - +2 cloak {rPois}
rCorr   .          Rampage  .    D - +0 pair of gloves
Will    +....                    (boots unavailable)
Stlth   ++                       P - amulet "Feysosih" {Acrobat Dex+3}
HPRegen 0.29/turn                s - ring of poison resistance
MPRegen 0.22/turn                u - +4 ring of protection

@: gold aura, flying quickly and evasively, quick
A: beak, talons 3, nimble flight
a: Renounce Religion, Potion Petition, Call Merchant, Bribe Branch


You were on level 12 of the Dungeon.
You worshipped Gozag.
Gozag was most pleased with you.
You visited 1 branch of the dungeon, and saw 12 of its levels.

You collected 2273 gold pieces.
You spent 396 gold pieces at shops.
You paid 96 gold pieces to Gozag.

Inventory:

Missiles
 g - a throwing net
Armour
 a - a +0 robe (worn)
 C - a +0 hat of willpower (worn)
 D - a +0 pair of gloves (worn)
 H - the +2 robe of Perfidy {rPois Str+3 Int-3 SInv}
   (You bought it in a shop on level 11 of the Dungeon)

   Str:       It affects your strength (+3).
   Int:       It affects your intelligence (-3).
   rPois:     It protects you from poison.
   SInv:      It lets you see invisible.
 I - a +2 cloak of poison resistance (worn)
Jewellery
 f - an amulet of reflection
 l - an amulet of regeneration
 r - a ring of fire
 s - a ring of poison resistance (left hand)
 t - a ring of positive energy
 u - a +4 ring of protection (right hand)
 x - an amulet of magic regeneration
 A - a ring of resist corrosion
 P - the amulet "Feysosih" (around neck) {Acrobat Dex+3}
   (You took it off a centaur warrior on level 12 of the Dungeon)

   [amulet of the acrobat]

   It increases your evasion while moving and waiting.
   Dex:       It affects your dexterity (+3).
Wands
 q - a wand of polymorph (24)
 y - a wand of roots (20)
 G - a wand of mindburst (1)
 O - a wand of paralysis (6)
Scrolls
 c - 2 scrolls of fog
 h - 7 scrolls of teleportation
 m - a scroll of silence
 n - 5 scrolls of amnesia
 v - 2 scrolls of vulnerability
 w - a scroll of summoning
 B - a scroll of fear
 E - a scroll of poison
 F - a scroll of magic mapping
 L - 3 scrolls of blinking
 N - a scroll of identify
Potions
 b - a potion of magic
 d - 2 potions of berserk rage
 e - 4 potions of lignification
 i - a potion of brilliance
 j - 5 potions of curing
 k - 3 potions of mutation
 o - 2 potions of might
 p - a potion of heal wounds
 z - a potion of cancellation
 J - a potion of haste {unknown}
 M - 2 potions of degeneration {unknown}


   Skills:
 - Level 2.1 Dodging
 - Level 2.0 Stealth
 + Level 13.8 Spellcasting
 + Level 18.0 Summonings


You had 25 spell levels left.
You knew the following spells:

 Your Spells              Type           Power      Damage    Failure   Level
a - Summon Small Mammal   Summ           100%       N/A       0%          1
b - Call Imp              Summ           69%        N/A       0%          2
c - Call Canine Familiar  Summ           69%        N/A       0%          3
d - Summon Guardian Gole  Hex/Summ       47%        N/A       1%          3
e - Summon Lightning Spi  Summ/Air       47%        N/A       1%          4

Your spell library contained the following spells:

 Spells                   Type           Power      Damage    Failure   Level
 Summon Ice Beast         Ice/Summ       47%        N/A       1%          4
 Apportation              Tloc           26%        N/A       4%          1
 Frozen Ramparts          Ice            26%        1d4       16%         3
 Inner Flame              Hex/Fire       13%        N/A       16%         3
 Portal Projectile        Hex/Tloc       26%        N/A       16%         3
 Tukima's Dance           Hex            13%        N/A       16%         3
 Cause Fear               Hex            6%         N/A       45%         4
 Flame Wave               Conj/Fire      13%        2d6       45%         4
 Ice Form                 Ice/Tmut       13%        N/A       45%         4
 Sticky Flame             Conj/Fire      13%        2d4       45%         4
 Alistair's Intoxication  Tmut/Pois      8%         N/A       80%         5
 Blade Hands              Tmut           6%         N/A       80%         5
 Dragon's Call            Summ           34%        N/A       97%         9
 Dragon Form              Tmut           6%         N/A       100%        7
 Discord                  Hex            6%         N/A       100%        8


Dungeon Overview and Level Annotations

Branches:
Dungeon (12/15)            Temple (0/1) D:7            Lair (0/5) D:9
    Orc (0/2) D:12

Altars:
Ashenzari
Fedhas
Gozag
Hepliaklqana
Makhleb
Okawaru
Ru
Trog
Vehumet
Xom
Yredelemnul

Shops:
D:1 (   D:11 [   D:12 [

Annotations:
D:7 2 transporters


Innate Abilities, Weirdness & Mutations

You have a beak for a mouth.
You have claws for feet.
Your magical nature lets you fly swiftly and evasively.


Message History

r - Retreat! s - Stop attacking. g - Guard the area. f - Follow me.
Anything else - Cancel.
Gang up on whom?
Press: ? - help, Dir - move target, f - ogre mage
Aim: an ogre mage, wielding the +10 dagger "Uggybbal" {elec, rPois Str-2 Int+6}, wearing a +0 robe and wearing the ring of Lesap {rElec Dex+6} (ally target) Attack!
The ogre mage barely misses your warg.
Your warg bites the ogre mage.
Your warg bites the ogre mage.
The ogre mage hits your guardian golem with the +10 dagger "Uggybbal" {elec, rPois Str-2 Int+6}!
You see here a +0 long sword.
Your warg bites the ogre mage!
Your warg barely misses the ogre mage.
The ogre mage hits your guardian golem with the +10 dagger "Uggybbal" {elec, rPois Str-2 Int+6}!
Your warg bites the ogre mage!
Your warg bites the ogre mage.
The ogre mage gestures at you while chanting.
The bolt of magma hits your warg!!! The bolt of magma hits you!!
The bolt of magma hits your lightning spire!
Your lightning spire partially resists.
Your guardian golem overheats!
Your warg bites the ogre mage!
The ogre mage mumbles some strange words.
The ogre mage flickers and vanishes!
Deactivating autopickup; reactivate with Ctrl-A.
Your warg completely misses something.
Your magical contamination has completely faded away.
Casting: Summon Lightning Spire (dangerous; 1% risk of failure)
Confirm with . or Enter, or press ? or * to list all spells.
An electric hum fills the air.
Your lightning spire disappears in a puff of smoke!
Your warg barely misses something.
Your warg bites something.
Something hits your warg.
Your guardian golem disappears in a puff of smoke!
Your guardian golem explodes!
The fiery explosion engulfs something!!
Reactivating autopickup.
You feel a bit more experienced. The fiery explosion engulfs you!!
Ouch! That really hurt!
You die...
Your body crumbles into a pile of gold.

P....##.#.#..#.#
..♣.#..#..#$.#.#
P..#.##.##...#.# ##
..♣.#.##....$#§# .###
...#.#.......#.#
...###♣......).#..#.#
.....###.....###§h#.#
#.##...###....#.§§#.##
..####...###....@§#..#
######.....###.§8.#..#
.##.###..<...###..#..#
.##.# #....##..###"..#
.##.# #..#.###...)...#
....# #........).....#
....####)#.###########
...#.......#
.###.#####.#


You could see a friendly warg (summoned, sheltered) and a friendly lightning
spire (summoned, sheltered).

Vanquished Creatures
  A centaur (D:8)
  A hound (D:6)
  A gnoll (D:4)
  An ufetubus (D:6)
  2 orcs (D:6)
  A goblin (D:1)
  A jackal (D:1)
  A rat (D:3)
9 creatures vanquished.

Vanquished Creatures (collateral kills)
  Gastronok (D:10)
  Josephine (D:12)
  An ogre mage (D:12)
  2 centaur warriors (D:12)
  3 two-headed ogres
  A deep elf pyromancer (D:12)
  An ugly thing (D:12)
  A cyclops (D:11)
  A gargoyle (D:11)
  An unseen horror (D:12)
  2 kobold demonologists
  3 trolls
  4 basilisks (D:12)
  A shadow (D:12)
  Eustachio (D:4)
  6 wraiths
  A yak (D:8)
  A wyvern (D:9)
  A vampire mosquito (D:11)
  2 steam dragons
  3 acid dragons
  2 water moccasins
  3 sky beasts (D:8)
  A black bear (D:5)
  5 orc warriors
  4 ice beasts
  2 centaurs
  A wolf (D:8)
  2 phantoms
  4 kobold brigands
  3 bullfrogs
  A necrophage (D:6)
  2 scorpions
  2 gnoll sergeants
  A killer bee (D:9)
  11 howler monkeys
  2 electric eels (D:8)
  5 hounds
  A wyvern simulacrum (D:8)
  A jelly (D:8)
  2 gnoll boudas
  6 orc priests
  3 iguanas
  4 orc wizards
  18 gnolls
  10 adders
  5 white imps
  5 worms
  A dart slug (D:1)
  41 orcs
  A bat (D:1)
  3 endoplasms
  3 giant cockroaches
  5 goblins
  3 hobgoblins
  8 jackals
  4 quokkas
  7 ball pythons
  2 frilled lizards (D:1)
  22 kobolds
  3 rats
247 creatures vanquished.

Vanquished Creatures (others)
  An ogre mage (D:12)
  2 two-headed ogres
  2 skeletal warriors
  2 deep elf pyromancers (D:12)
  2 manticores (D:12)
  Joseph (D:7)
  2 trolls (D:10)
  3 wraiths (D:12)
  4 vampire mosquitoes
  An acid dragon (D:12)
  An orc warrior (D:3)
  A black bear (D:4)
  A kobold brigand (D:8)
  A gnoll sergeant (D:12)
  9 killer bees
  An adder (D:6)
  An orc (D:12)
  3 plants (D:12)
38 creatures vanquished.

Grand Total: 294 creatures vanquished

Notes
Turn   | Place    | Note
-------+----------+-------------------------------------------
     0 | D:1      | cforsyth the Tengu Summoner began the quest for the Orb.
     0 | D:1      | Reached XP level 1. HP: 10/10 MP: 4/4
   200 | D:1      | Found Otorhy's Antique Weapon Emporium.
   209 | D:1      | Found a faded altar of an unknown god.
   244 | D:1      | Reached skill level 5 in Summonings
   415 | D:1      | Reached XP level 2. HP: 15/15 MP: 3/6
   418 | D:1      | Learned a level 2 spell: Call Imp
  1158 | D:2      | Reached XP level 3. HP: 19/19 MP: 2/7
  1166 | D:2      | Learned a level 3 spell: Call Canine Familiar
  1990 | D:2      | Reached XP level 4. HP: 20/24 MP: 1/9
  2204 | D:2      | Learned a level 3 spell: Summon Guardian Golem
  2369 | D:3      | Reached skill level 6 in Summonings
  2660 | D:3      | Identified the +4 dagger of Leka {holy, rElec rN+}
  2689 | D:3      | Gained mutation: Your magical nature lets you fly swiftly
                  | and evasively. [Tengu growth]
  2689 | D:3      | Reached XP level 5. HP: 28/28 MP: 9/11
  3595 | D:4      | Noticed Eustachio
  3816 | D:4      | Reached XP level 6. HP: 19/32 MP: 5/13
  3942 | D:4      | Reached skill level 7 in Summonings
  3995 | D:4      | Noticed an orc warrior
  4047 | D:3      | Learned a level 4 spell: Summon Lightning Spire
  4117 | D:3      | Killed an orc warrior
  4577 | D:4      | Killed Eustachio
  4578 | D:4      | Reached skill level 5 in Spellcasting
  4578 | D:4      | Reached skill level 8 in Summonings
  4578 | D:4      | Reached XP level 7. HP: 35/36 MP: 8/15
  5220 | D:5      | Entered Level 5 of the Dungeon
  5428 | D:5      | Reached XP level 8. HP: 41/41 MP: 14/17
  5590 | D:5      | Found an opulent altar of Gozag.
  5597 | D:5      | Found a bloodstained altar of Trog.
  5631 | D:5      | Reached skill level 9 in Summonings
  6377 | D:5      | Became a worshipper of Gozag Ym Sagoz the Greedy
  6569 | D:6      | Reached skill level 10 in Summonings
  6859 | D:6      | Reached XP level 9. HP: 45/45 MP: 21/21
  7478 | D:7      | Found a transporter.
  7580 | D:7      | Found a transporter.
  7589 | D:7      | Found a staircase to the Ecumenical Temple.
  7714 | D:7      | Reached skill level 11 in Summonings
  7791 | D:7      | Found an iron altar of Okawaru.
  7860 | D:7      | Found a broken altar of Ashenzari.
  7974 | D:7      | Noticed Joseph
  7998 | D:7      | Killed Joseph
  8472 | D:8      | Reached skill level 12 in Summonings
  8650 | D:8      | Reached XP level 10. HP: 50/50 MP: 14/24
  8916 | D:8      | Reached skill level 13 in Summonings
  9053 | D:8      | Found a radiant altar of Vehumet.
  9282 | D:8      | Found a burning altar of Makhleb.
  9636 | D:9      | Reached skill level 10 in Spellcasting
  9667 | D:9      | Found a staircase to the Lair.
  9981 | D:9      | Found a blossoming altar of Fedhas.
 10273 | D:9      | Found a sacrificial altar of Ru.
 10506 | D:10     | Entered Level 10 of the Dungeon
 10794 | D:10     | Noticed Gastronok
 11109 | D:10     | Reached skill level 14 in Summonings
 11195 | D:10     | Killed Gastronok
 11196 | D:10     | Reached XP level 11. HP: 54/54 MP: 19/27
 11744 | D:10     | Found a shimmering altar of Xom.
 11745 | D:10     | Found a hazy altar of Hepliaklqana.
 12222 | D:10     | Found a basalt altar of Yredelemnul.
 12558 | D:11     | Noticed a cyclops
 12565 | D:11     | Reached skill level 15 in Summonings
 12568 | D:11     | Killed a cyclops
 12624 | D:11     | Noticed a skeletal warrior
 12625 | D:11     | Found Edeafomo's Antique Armour Shop.
 12644 | D:11     | Noticed a two-headed ogre
 12657 | D:11     | Killed a two-headed ogre
 12662 | D:11     | Noticed a two-headed ogre
 12672 | D:11     | Killed a two-headed ogre
 12780 | D:11     | Killed a skeletal warrior
 12914 | D:11     | Bought a creamy pearl robe for 171 gold pieces
 12914 | D:11     | Identified the +2 robe of Perfidy {rPois Str+3 Int-3 SInv}
                  | (You bought it in a shop on level 11 of the Dungeon)
 12916 | D:11     | Bought a runed cloak for 225 gold pieces
 13220 | D:12     | Noticed a manticore
 13223 | D:12     | Killed a manticore
 13228 | D:12     | Noticed Josephine
 13242 | D:12     | Killed Josephine
 13243 | D:12     | Reached skill level 16 in Summonings
 13255 | D:12     | Noticed a two-headed ogre
 13266 | D:12     | Killed a two-headed ogre
 13267 | D:12     | Reached XP level 12. HP: 59/59 MP: 11/29
 13369 | D:12     | Found a staircase to the Orcish Mines.
 13372 | D:12     | Found Fampuex's Armour Shoppe.
 13462 | D:12     | Noticed an ogre mage
 13463 | D:12     | Noticed a centaur warrior
 13476 | D:12     | Noticed a two-headed ogre
 13492 | D:12     | Killed a two-headed ogre
 13589 | D:12     | Killed a centaur warrior
 13614 | D:12     | Killed an ogre mage
 13802 | D:12     | Reached skill level 17 in Summonings
 13949 | D:12     | Identified the amulet "Feysosih" {Acrobat Dex+3}
 13949 | D:12     | Noticed a centaur warrior
 13959 | D:12     | Killed a centaur warrior
 13976 | D:12     | Noticed a two-headed ogre
 13988 | D:12     | Killed a two-headed ogre
 14551 | D:12     | Reached skill level 18 in Summonings
 14633 | D:12     | Identified the +10 dagger "Uggybbal" {elec, rPois Str-2
                  | Int+6}
 14633 | D:12     | Identified the ring of Lesap {rElec Dex+6}
 14633 | D:12     | Noticed an ogre mage
 14645 | D:12     | Killed an ogre mage
 14645 | D:12     | Killed by an exploding themself... ignited by their inner
                  | flame

Illustrated notes

Levels and vault maps discovered:
D:1:      dpeg_arrival_round_a, layout_loops_corners, serial_shops,
          nicolae_shop_overgrown_old_shop, basic_ecumenical_altar
D:2:      layout_loops_cross
D:3:      layout_basic
D:4:      layout_loops_ring, uniq_eustachio
D:5:      layout_loops_ring, mainiacjoe_overflow_catwalk_spiral
D:6:      layout_basic
D:7:      gammafunk_steamed_eel, layout_basic,
          mainiacjoe_overflow_six_doors_small, general_overflow_altar,
          minmay_temple_entry_trees, uniq_joseph
D:8:      layout_basic, vehumet_crystals, makhleb_blood_cavern_becter,
          serial_ice, serial_ice_m, serial_ice_a, serial_ice_l, serial_ice_b,
          serial_ice_h, serial_ice_f, serial_ice_o, serial_ice_c
D:9:      layout_gridville, nicolae_ru_awakened_eye, fedhas_altar_1,
          dpeg_oklobed_lair
D:10:     layout_small_grid, regret_index_temple_of_mockery,
          mainiacjoe_overflow_alcove_2, uniq_gastronok
D:11:     layout_basic, kennysheep_windowed_goal
D:12:     minmay_the_grid_triangle_9x9_recursive_3_mashed
          [minmay_the_grid_triangle_9x9_odd_lines,
          minmay_the_grid_triangle_9x9_shrine,
          minmay_the_grid_triangle_9x9_cache,
          minmay_the_grid_triangle_9x9_prize_special,
          minmay_the_grid_triangle_9x9_wacky_v,
          minmay_the_grid_triangle_9x9_flanged_cone,
          minmay_the_grid_triangle_9x9_corruption,
          minmay_the_grid_triangle_9x9_pentomino_pain,
          minmay_the_grid_triangle_9x9_negative_grid], layout_basic,
          orc_david_3, serial_shops, nicolae_shop_statue_plus,
          minmay_mirror_moons_of_madness, uniq_josephine

Skill      XL: |  1  2  3  4  5  6  7  8  9 10 11 12 |
---------------+-------------------------------------+-----
Summonings     | 5 6 8 10 12 14 16 18 | 18.0
Spellcasting   | 3 4 5 7 9 11 12 13 | 13.8
Dodging        | |  2.1
Stealth        | |  2.0

Action                     |  1- 3 |  4- 6 |  7- 9 | 10-12 || total
---------------------------+-------+-------+-------+-------++-------
  Melee: Unarmed           |    14 |    13 |    62 |    48 ||   137
         Kick              |     4 |     2 |    16 |    20 ||    42
         Peck              |     2 |     4 |     9 |    14 ||    29
         Punch             |       |       |       |     1 ||     1
   Cast: Summon Small Mamm |    34 |    28 |    53 |    30 ||   145
         Call Imp          |    11 |    14 |    24 |    18 ||    67
         Call Canine Famil |     8 |    24 |    29 |    49 ||   110
         Summon Guardian G |       |     1 |     6 |    46 ||    53
         Summon Lightning  |       |       |     9 |    33 ||    42
    Use: Scroll            |       |       |    12 |     9 ||    21
         Potion            |       |       |       |     1 ||     1
   Stab: Distracted        |       |       |     1 |     1 ||     2
 Armour: Robe              |     8 |    24 |    32 |    31 ||    95
  Dodge: Dodged            |    23 |    61 |    90 |    95 ||   269

Table legend: (Time is in decaauts)
 A = Elapsed time spent in this place.
 B = Non-inter-level travel time spent in this place.
 C = Inter-level travel time spent in this place.
 D = Time resting spent in this place.
 E = Time spent auto-exploring this place.
 F = Levels seen in this place.
 G = Mean time per level.
                   A        B        C        D        E       F      G
               +--------+--------+--------+--------+--------+-----+--------+
         Total |  14035 |  13791 |    244 |   1467 |   9222 |  12 | 1169.6 |
       Dungeon |  14035 |  13791 |    244 |   1467 |   9222 |  12 | 1169.6 |
               +--------+--------+--------+--------+--------+-----+--------+

Top non-repeatable levels by time:
    D:10: 1931 daAuts
     D:3: 1415 daAuts
     D:4: 1409 daAuts
    D:12: 1390 daAuts
     D:5: 1145 daAuts
     D:2: 1143 daAuts
     D:1: 1138 daAuts
     D:8: 1092 daAuts
     D:7: 1020 daAuts
     D:6: 879 daAuts
     D:9: 832 daAuts
    D:11: 637 daAuts
